 Dungeon Crawl Stone Soup version 0.23.1 (webtiles) character file.

Game seed: 7349052595278126511

20909 Kairos the Covert (level 12, -3/93 HPs)
             Began as a Vine Stalker Assassin on Mar 17, 2019.
             Was a Follower of Uskayaw.
             Slain by a sixfirhy (9 damage)
             ... in a Gauntlet.
             The game lasted 00:32:50 (13105 turns).

Kairos the Covert (Vine Stalker Assassin)          Turns: 13105, Time: 00:32:50

Health: -3/93      AC: 13    Str: 25    XL:     12   Next: 84%
Magic:  0/19       EV:  7    Int: 15    God:    Uskayaw [*.....]
Gold:   722        SH:  0    Dex: 22    Spells: 10/11 levels left

rFire    + . .     SeeInvis .   v - +2 short sword (vamp)
rCold    . . .     Gourm    .   S - +0 shield
rNeg     . . .     Faith    .   s - +0 ring mail
rPois    +         Spirit   +   a - +0 helmet
rElec    .         Reflect  .   d - +0 cloak
rCorr    .         Harm     .   t - +2 pair of gloves
MR       +....     NoTele   +   r - +0 pair of boots of the Eight Dreams {rPois Int+4 Dex+2}
Stlth    ..........             W - amulet of rage
HPRegen  1.05/turn              E - ring of protection from fire
MPRegen  0.16/turn              U - +5 ring of strength

@: berserking (expiring), very slightly contaminated, held, very quick
A: fangs 3, regeneration 2, magic shield, antimagic bite, no potion heal 3, rot
immunity
a: Stomp, Renounce Religion, Evoke Berserk Rage


You were in a Gauntlet.
You worshipped Uskayaw.
Uskayaw was aware of your devotion.
You were near starving.

You visited 3 branches of the dungeon, and saw 15 of its levels.
You also visited: Gauntlet.

You collected 722 gold pieces.

Inventory:

Hand Weapons
 b - a +0 blowgun
 k - a +1 dagger of freezing
 v - a +2 vampiric short sword (weapon)
 B - a +2 dagger of protection
 F - a +2 rapier of venom
Missiles
 e - 43 poisoned needles
 f - 2 curare-tipped needles
Armour
 a - a +0 helmet (worn)
 d - a +0 cloak (worn)
 r - the +0 pair of boots of the Eight Dreams (worn) {rPois Int+4 Dex+2}
   (You found it in a Gauntlet)

   It affects your intelligence (+4).
   It affects your dexterity (+2).
   It protects you from poison.
 s - a +0 ring mail (worn)
 t - a +2 pair of gloves (worn)
 K - a +2 pair of boots
 S - a +0 shield (worn)
Jewellery
 c - an uncursed ring of resist corrosion
 h - a +3 ring of evasion
 E - a ring of protection from fire (left hand)
 N - an uncursed ring of protection from magic
 U - a +5 ring of strength (right hand)
 W - an amulet of rage (around neck)
Wands
 x - a wand of digging (5)
 P - a wand of acid (4)
 X - a wand of polymorph (12)
 Z - a wand of clouds (3)
Scrolls
 j - 3 scrolls of fear
 n - 6 scrolls of amnesia
 q - 6 scrolls of immolation
 u - 4 scrolls of enchant weapon
 y - 4 scrolls of teleportation
 A - 3 scrolls of remove curse
 C - a scroll of enchant armour
 H - 2 scrolls of blinking
 I - 2 scrolls of fog
 L - 3 scrolls of silence
Potions
 i - a potion of mutation
 l - 3 potions of lignification
 m - 2 potions of agility
 o - 6 potions of curing
 p - a potion of berserk rage
 z - a potion of invisibility
 D - 2 potions of ambrosia
 G - 2 potions of resistance
 M - a potion of flight {unknown}
 R - 2 potions of might
 V - a potion of haste {unknown}
Miscellaneous
 Y - a lamp of fire
Comestibles
 g - 28 rations


   Skills:
 + Level 6.3 Fighting
 + Level 9.9 Short Blades
 + Level 1.9 Throwing
 + Level 6.7 Armour
 + Level 4.9 Dodging
 + Level 12.9 Stealth
 + Level 4.4 Shields
 * Level 8.5 Invocations


You had 10 spell levels left.
You knew the following spells:

 Your Spells              Type           Power        Failure   Level  Hunger
a - Apportation           Tloc           #.....       83%         1    ##.....

Your spell library contained the following spells:

 Spells                   Type           Power        Failure   Level  Hunger
 Animate Skeleton         Necr           N/A          83%         1    ##.....
 Confusing Touch          Hex            #.....       83%         1    ##.....
 Summon Small Mammal      Summ           #...         83%         1    ##.....
 Irradiate                Conj/Tmut      #.........   100%        5    ######.
 Hydra Form               Tmut           #.........   100%        6    #######
 Statue Form              Tmut/Erth      #........    100%        6    #######
 Dragon Form              Tmut           #.........   100%        7    #######


Dungeon Overview and Level Annotations

Branches:
Dungeon (10/15)            Temple (1/1) D:5            Lair (4/6) D:10
  Swamp (0/4) Lair:2       Spider (0/4) Lair:3
    Orc: D:9-12

Altars:
Ashenzari
Cheibriados
Dithmenos
Elyvilon
Fedhas
Gozag
Hepliaklqana
Kikubaaqudgha
Makhleb
Nemelex Xobeh
Okawaru
Qazlal
Ru
Sif Muna
Trog
Uskayaw
Vehumet
Wu Jian
Xom
Yredelemnul
Zin
The Shining One

Shops:
D:5 =   D:9 =

Annotations:
D:5 1 runed translucent door
D:7 2 transporters, Luthien's ghost, novice DEWz
D:10 3 runed translucent doors, DungeonDestroyer's ghost, journeyman MiFi Gauntlet 9 transporters


Innate Abilities, Weirdness & Mutations

You have razor-sharp teeth.
You heal very quickly.
When hurt, damage is shared between your health and your magic reserves.
Your bite disrupts and absorbs the magic of your enemies.
Potions cannot restore your health.
You are immune to rotting.


Message History

You feel yourself moving faster!
You feel mighty!
You are near starving!
You struggle against the net.
You feel a strong urge to attack something.
The sixfirhy hits you. The sixfirhy shocks you!
The sixfirhy hits you but does no damage.
The sixfirhy hits you! The sixfirhy shocks you!
* * * LOW HITPOINT WARNING * * *
The sixfirhy hits you but does no damage.
The sixfirhy barely misses you.
The sixfirhy hits you but does no damage.
You struggle against the net.
The sixfirhy hits you!
* * * LOW HITPOINT WARNING * * *
The sixfirhy shocks you!
* * * LOW HITPOINT WARNING * * *
The sixfirhy hits you but does no damage.
The sixfirhy hits you.
* * * LOW HITPOINT WARNING * * *
The sixfirhy shocks you!
You die...

#≈≈.P.#$###.#u#.#)....##
##≈...#.....#u#.#.##.###
##.P.#########.#(##....
##≈.♣.........#©#©#.©.#.
#≈≈...#########.#....##. #.
##≈...#..8#8..#.####.##. #.♣.
##...#=..8...#.###.....
#...##..♣.#[38.8.8#.########
.##.♣.#.....#@8.©.8##©#.......
.....#.♣...#?38.8.8###..P♣P..
##.©.#.....#...8...#...PP....
#...#.....#..8#8..#..P#≈#≈#.
.##.©.#.....#########.PP≈≈≈≈≈.
......#..∩............♣.#≈#≈#.
##.©.#.....#########.PP≈≈≈≈≈.
#...#.....##3#3#3##..P#≈#≈#.
.##.©.#.....#!#.#.#.#...PPPP..


You could see a white ugly thing and 5 sixfirhies.

Vanquished Creatures
  Rupert (Lair:3)
  2 hydras
  An unseen horror (D:10)
  An elephant (D:10)
  3 black mambas
  5 spiny frogs
  A smoke demon (Gauntlet)
  A rime drake (Lair:2)
  7 komodo dragons
  A red devil (Gauntlet)
  A hornet (D:7)
  A jumping spider (Lair:3)
  A queen bee (Lair:3)
  Prince Ribbit (D:5)
  A bog body (Lair:2)
  3 hippogriffs
  Sigmund (D:6)
  2 wyverns
  9 yaks
  3 fire bats (Gauntlet)
  The ghost of night the Insei, an amateur DsMo (D:6)
  3 basilisks
  Grum (Lair:1)
  4 water moccasins
  5 porcupines
  An orc warrior (D:8)
  A black bear (D:7)
  3 ice beasts
  4 sky beasts
  A necrophage (D:6)
  7 ogres
  4 wolves (Lair:1)
  3 phantoms
  4 centaurs
  9 crocodiles
  6 bullfrogs
  2 scorpions
  25 killer bees
  3 wights (D:9)
  2 electric eels
  7 crimson imps
  3 centaur zombies
  2 jellies (D:5)
  A centaur skeleton (D:10)
  7 hounds
  4 orc priests
  A bullfrog skeleton (D:5)
  9 iguanas
  Natasha (D:2)
  3 orc wizards
  8 worker ants
  2 killer bee zombies
  A hound zombie (D:9)
  2 hound skeletons
  A howler monkey skeleton (D:4)
  16 adders
  A shadow imp (D:6)
  2 oozes
  4 worms
  A dart slug (D:3)
  3 leopard geckos
  23 orcs
  A ball python (D:3)
  8 bats
  3 giant cockroaches
  5 goblins
  8 hobgoblins
  8 jackals
  4 quokkas
  4 frilled lizards
  6 kobolds
  2 quokka skeletons
  6 rats
292 creatures vanquished.

Vanquished Creatures (others)
  5 fungi
  A plant (Lair:3)
6 creatures vanquished.

Grand Total: 298 creatures vanquished

Notes
Turn   | Place    | Note
-------+----------+-------------------------------------------
     0 | D:1      | Kairos the Vine Stalker Assassin began the quest for the
                  | Orb.
     0 | D:1      | Reached XP level 1. HP: 11/11 MP: 2/2
   104 | D:1      | Reached skill level 5 in Stealth
   287 | D:1      | Reached XP level 2. HP: 14/15 MP: 3/3
  1088 | D:2      | Reached skill level 1 in Dodging
  1088 | D:2      | Reached XP level 3. HP: 14/18 MP: 4/4
  1244 | D:2      | Found a faded altar of an unknown god.
  1252 | D:2      | Reached skill level 6 in Stealth
  1430 | D:2      | Became a worshipper of Elyvilon the Healer
  1430 | D:2      | Reached * piety under Elyvilon
  1488 | D:2      | Noticed Natasha
  1501 | D:2      | Killed Natasha
  1501 | D:2      | Gained mutation: Your natural rate of healing is unusually
                  | fast. [Vine Stalker growth]
  1501 | D:2      | Reached XP level 4. HP: 12/23 MP: 5/5
  1691 | D:2      | Found a burning altar of Makhleb.
  1694 | D:2      | Noticed a blizzard demon
  1745 | D:2      | Found a glowing silver altar of Zin.
  1745 | D:2      | Noticed an angel
  1770 | D:2      | Found a stormy altar of Qazlal.
  1770 | D:2      | Noticed a water elemental
  1773 | D:2      | Noticed an earth elemental
  1780 | D:2      | Noticed an air elemental
  1780 | D:2      | Noticed a fire elemental
  1988 | D:3      | Reached ** piety under Elyvilon
  2000 | D:3      | Reached skill level 7 in Stealth
  2087 | D:3      | Reached XP level 5. HP: 26/26 MP: 6/6
  2657 | D:4      | Reached *** piety under Elyvilon
  2702 | D:4      | Reached XP level 6. HP: 27/32 MP: 3/7
  2759 | D:4      | Found a deep blue altar of Sif Muna.
  3105 | D:4      | HP: 1/32 [orc priest/nerve-wracking pain (5)]
  3113 | D:4      | Reached skill level 1 in Armour
  3127 | D:4      | Reached skill level 8 in Stealth
  3296 | D:4      | Reached XP level 7. HP: 35/35 MP: 8/8
  3477 | D:4      | Found an ancient bone altar of Kikubaaqudgha.
  3478 | D:4      | Found a blossoming altar of Fedhas.
  3910 | D:5      | Entered Level 5 of the Dungeon
  3918 | D:5      | Found a staircase to the Ecumenical Temple.
  3941 | Temple   | Entered the Ecumenical Temple
  3981 | Temple   | Fell from the grace of Elyvilon
  3981 | Temple   | Became a worshipper of Uskayaw the Reveler
  4037 | D:5      | Reached * piety under Uskayaw
  4046 | D:5      | Reached ** piety under Uskayaw
  4066 | D:5      | HP: 1/35 [ice beast (10)]
  4067 | D:5      | Reached *** piety under Uskayaw
  4330 | D:5      | Found a basalt altar of Yredelemnul.
  4330 | D:5      | Found a shattered altar of Ashenzari.
  4398 | D:5      | Noticed Prince Ribbit
  4415 | D:5      | Gained mutation: You have razor-sharp teeth. [Vine Stalker
                  | growth]
  4415 | D:5      | Reached XP level 8. HP: 20/40 MP: 5/9
  4528 | D:5      | Killed Prince Ribbit
  4528 | D:5      | Reached skill level 1 in Invocations
  4596 | D:5      | Reached skill level 5 in Short Blades
  4833 | D:5      | Found a runed translucent door.
  4836 | D:5      | Found a basalt altar of Yredelemnul.
  4882 | D:5      | Found Robi's Jewellery Shop.
  5014 | D:6      | Found a snail-covered altar of Cheibriados.
  5094 | D:6      | Noticed night's ghost (amateur DsMo)
  5095 | D:6      | Found a transporter.
  5392 | D:6      | Found a transporter.
  6006 | D:6      | Noticed Sigmund
  6016 | D:6      | Reached XP level 9. HP: 45/45 MP: 12/12
  6085 | D:6      | Killed Sigmund
  6085 | D:6      | Reached skill level 9 in Stealth
  6332 | D:6      | Killed night's ghost
  6333 | D:6      | Reached **** piety under Uskayaw
  6334 | D:6      | Reached ***** piety under Uskayaw
  6585 | D:7      | Noticed a hornet
  6589 | D:7      | Killed a hornet
  6670 | D:7      | Found a transporter.
  6673 | D:7      | Found a transporter.
  6674 | D:7      | Noticed Luthien's ghost (novice DEWz)
  6753 | D:7      | Reached skill level 10 in Stealth
  6799 | D:7      | Reached XP level 10. HP: 37/51 MP: 14/14
  6799 | D:7      | Reached ****** piety under Uskayaw
  7081 | D:7      | Found a glowing golden altar of the Shining One.
  7159 | D:7      | Learned a level 1 spell: Apportation
  7511 | D:8      | Found a burning altar of Makhleb.
  7790 | D:8      | Found a shimmering altar of Xom.
  7791 | D:8      | Found a hazy altar of Hepliaklqana.
  7791 | D:8      | Noticed a thorn hunter
  7792 | D:8      | Noticed a spectral ugly thing
  7792 | D:8      | Noticed a thorn hunter
  7995 | D:9      | Found Miudwoli's Jewellery Boutique.
  8036 | D:9      | Reached skill level 5 in Invocations
  8264 | D:9      | Reached skill level 5 in Fighting
  8323 | D:9      | Reached skill level 5 in Armour
  8515 | D:10     | Entered Level 10 of the Dungeon
  8740 | D:10     | Found a staircase to the Lair.
  8740 | D:10     | Noticed an elephant
  8964 | D:10     | Reached skill level 11 in Stealth
  9221 | D:10     | Killed an elephant
  9221 | D:10     | Reached skill level 1 in Shields
  9221 | D:10     | Reached XP level 11. HP: 56/56 MP: 16/16
  9277 | D:10     | Found an opulent altar of Gozag.
  9278 | D:10     | Found a runed translucent gate.
  9278 | D:10     | Found a runed translucent gate.
  9278 | D:10     | Found a runed translucent gate.
  9279 | D:10     | Noticed DungeonDestroyer's ghost (journeyman MiFi)
  9282 | D:10     | Noticed a yaktaur captain
  9403 | D:10     | Killed an unseen horror
  9757 | Lair:1   | Entered Level 1 of the Lair of Beasts
 10272 | Lair:1   | Noticed a six-headed hydra
 10276 | Lair:1   | Killed a six-headed hydra
 10354 | Lair:1   | Noticed Grum
 10414 | Lair:1   | Killed Grum
 11064 | Lair:2   | Found a staircase to the Swamp.
 11327 | Lair:2   | Gained mutation: You heal very quickly. [Vine Stalker
                  | growth]
 11327 | Lair:2   | Reached XP level 12. HP: 55/60 MP: 18/18
 11609 | Lair:3   | Reached skill level 12 in Stealth
 11780 | Lair:3   | Found a hole to the Spider Nest.
 11823 | Lair:3   | Noticed Rupert
 11843 | Lair:3   | Killed Rupert
 12110 | Lair:3   | Noticed a four-headed hydra
 12124 | Lair:3   | Killed a four-headed hydra
 12590 | Lair:4   | Found a gate leading to a gauntlet.
 12618 | Gauntlet | Entered a Gauntlet
 12618 | Gauntlet | Found a transporter.
 12627 | Gauntlet | Found a transporter.
 12627 | Gauntlet | Found a transporter.
 12638 | Gauntlet | Found a transporter.
 12640 | Gauntlet | Noticed a green death
 12641 | Gauntlet | Found a transporter.
 12641 | Gauntlet | Noticed a death ooze
 12654 | Gauntlet | Found a transporter.
 12662 | Gauntlet | Found a transporter.
 12672 | Gauntlet | Found a transporter.
 12682 | Gauntlet | Found a transporter.
 12697 | Gauntlet | Noticed a great orb of eyes
 12699 | Gauntlet | Found a transporter.
 12710 | Gauntlet | Found a transporter.
 12759 | Gauntlet | Found a transporter.
 12774 | Gauntlet | Found a transporter.
 12837 | Gauntlet | Found a transporter.
 13042 | Gauntlet | Got a pair of ancient boots
 13093 | Gauntlet | Identified the +0 pair of boots of the Eight Dreams {rPois
                  | Int+4 Dex+2} (You found it in a Gauntlet)
 13105 | Gauntlet | Slain by a sixfirhy

Skill      XL: |  1  2  3  4  5  6  7  8  9 10 11 12 |
---------------+-------------------------------------+-----
Stealth        | 5 6 7 8 10 11 12 | 12.9
Short Blades   | 2 3 4 5 6 8 9 |  9.9
Dodging        | 1 2 3 4 |  4.9
Fighting       | 2 3 4 5 6 |  6.3
Armour         | 1 2 3 4 5 6 |  6.7
Invocations    | 2 4 6 7 8 |  8.5
Shields        | 1 3 4 |  4.4
Throwing       | |  1.9

Action                   |  1- 3 |  4- 6 |  7- 9 | 10-12 || total
-------------------------+-------+-------+-------+-------++-------
Melee: Dagger            |    85 |   220 |    45 |       ||   350
       Bite              |    19 |    82 |   127 |   347 ||   575
       Short sword       |       |       |   296 |   849 ||  1145
       Rapier            |       |       |     2 |       ||     2
Invok: Divine Protection |       |     1 |       |       ||     1
 Abil: Evoke Berserk Rag |       |       |       |     1 ||     1
Evoke: Wand              |       |       |       |     1 ||     1
  Use: Scroll            |     3 |     3 |       |    22 ||    28
       Potion            |       |       |     4 |     1 ||     5
 Stab: Sleeping          |     7 |     9 |    11 |    24 ||    51
       Distracted        |       |     1 |       |     2 ||     3
       Paralysed         |       |       |    12 |    34 ||    46
  Eat: Chunk             |     1 |     6 |     7 |    14 ||    28
       Ration            |       |       |     4 |     2 ||     6
Armor: Robe              |    23 |     3 |       |       ||    26
       Ring mail         |       |    39 |    87 |   242 ||   368
Dodge: Dodged            |    58 |   135 |   229 |   412 ||   834
Block: Shield            |       |       |       |   250 ||   250
